Map: Frozen Temple

Players

touchmygochu

  • Race: Terran Terran
  • Spawn Location: 11:00

Fropez - Winner!

  • Race: Protoss Protoss
  • League: Gold
  • Spawn Location: 5:00

VOD

Have the link to the VOD?

Description

Time

  • Played on: Nov. 16, 2016, 2:59 p.m.
  • Length: 8:41
Show
View Real Time Build Order
Export as new Build Order

touchmygochu Terran 

Build Orders: Reaper Expand, MMM Bio 

Get SALT Encoding   

  12  0:01  SCV  
  13  0:13  SCV  
  14  0:20  Supply Depot  
  14  0:25  SCV  
  15  0:42  SCV  
  16  0:44  Barracks  
  16  0:47  Refinery  
  16  0:54  SCV  
  17  1:09  SCV  
  18  1:22  SCV  
  19  1:33  Reaper  
  19  1:34  Orbital Command  
  20  1:46  Command Center  
  20  1:57  Barracks  
  20  2:02  SCV  
  20  2:06  Barracks Reactor  
  21  2:21  Refinery  
  22  2:22  SCV  
  22  2:26  Supply Depot  
  22  2:40  SCV  
  22  2:41  Factory  
  23  2:50  Supply Depot  
  23  2:54  SCV  
  23  2:55  Marine x2, Barracks Tech Lab  
  26  2:59  Orbital Command  
  26  3:06  Engineering Bay  
  26  3:10  SCV  
  27  3:20  Stimpack, Supply Depot  
  27  3:22  Marine  
  28  3:28  SCV x2  
  28  3:32  Orbital Command  
  28  3:34  Factory Reactor  
  30  3:40  Terran Infantry Weapons Level 1  
  29  3:45  Marine x2  
  29  3:46  Marauder  
  33  3:58  SCV  
  34  4:06  Marine x2  
  34  4:07  SCV  
  34  4:08  Starport  
  36  4:20  SCV x2  
  36  4:23  Marauder  
  36  4:24  Widow Mine x2  
  44  4:32  Marine x2  
  46  4:45  Command Center  
  46  4:46  SCV x2  
  46  5:10  Marine, SCV x2  
  46  5:11  Marine, Marauder  
  49  5:20  Barracks  
  48  5:24  SCV x2  
  50  5:34  Combat Shields  
  50  5:36  Marine x2  
  50  5:37  Marauder, Medivac x2  
  50  5:40  SCV  
  50  5:41  SCV  
  60  5:45  Terran Infantry Armor Level 1  
  60  5:46  Supply Depot  
  60  5:55  Marine x2  
  62  5:57  Widow Mine  
  62  5:59  Orbital Command  
  64  6:04  Marauder  
  64  6:06  SCV x2  
  68  6:13  Marine x2, Supply Depot  
  68  6:18  SCV x2, Armory, Missile Turret  
  72  6:23  Refinery  
  72  6:24  Refinery  
  72  6:28  SCV  
  72  6:30  Barracks Reactor  
  72  6:31  Marauder  
  75  6:40  Marine x2  
  75  6:41  Medivac  
  79  6:53  Supply Depot, Engineering Bay  
  79  6:57  Liberator  
  79  7:04  SCV x2  
  79  7:07  Orbital Command  
  81  7:11  Marine x3  
  81  7:12  Marine, Marauder  
  81  7:13  Widow Mine  
  92  7:21  SCV x2  
  94  7:25  Sensor Tower  
  94  7:26  Medivac  
  87  7:37  Barracks  
  87  7:43  Marine x2  
  87  7:44  Marine, Marauder  
  83  7:45  Widow Mine  
  68  8:14  Marine x3  
  68  8:15  Marine, Marauder  
Show
View Real Time Build Order
Export as new Build Order

Fropez Protoss - Winner!

Build Orders:  

Get SALT Encoding   

  12  0:01  Probe (Chrono Boost)  
  13  0:11  Probe (Chrono Boost)  
  14  0:24  Pylon  
  15  0:30  Probe (Chrono Boost)  
  15  0:45  Probe (Chrono Boost)  
  15  0:49  Gateway  
  16  0:53  Gateway  
  16  0:55  Probe (Chrono Boost)  
  17  1:01  Assimilator  
  17  1:12  Probe (Chrono Boost)  
  17  1:18  Assimilator  
  18  1:23  Probe (Chrono Boost)  
  19  1:33  Probe (Chrono Boost)  
  19  1:36  Cybernetics Core  
  20  1:44  Probe (Chrono Boost)  
  21  1:51  Pylon  
  21  1:54  Probe (Chrono Boost)  
  22  2:08  Probe (Chrono Boost)  
  23  2:13  Warp Gate (Chrono Boost)  
  22  2:28  Mothership Core (Chrono Boost)  
  24  2:30  Nexus  
  24  2:36  Adept (Chrono Boost)  
  25  2:47  Probe  
  25  2:49  Adept (Chrono Boost)  
  28  2:59  Probe  
  28  3:00  Pylon  
  29  3:11  Adept  
  31  3:18  Probe  
  32  3:21  Gateway  
  32  3:29  Gateway  
  32  3:31  Probe  
  33  3:38  Cybernetics Core  
  33  3:41  Probe  
  33  3:43  Probe  
  37  4:06  Twilight Council, Probe  
  37  4:07  Probe  
  41  4:11  Forge  
  37  4:19  Gateway  
  33  4:24  Adept x3  
  33  4:31  Resonating Glaives (Chrono Boost)  
  39  4:35  Gateway  
  39  4:40  Gateway  
  40  4:49  Protoss Ground Weapons Level 1 (Chrono Boost)  
  40  4:52  Probe x2  
  35  5:23  Stalker  
  35  5:24  Stalker  
  39  5:31  Nexus  
  39  5:33  Pylon, Probe x2  
  41  5:36  Pylon  
  41  5:45  Probe x2  
  41  5:46  Stalker  
  45  5:53  Stalker  
  45  5:57  Probe  
  45  5:59  Adept x2  
  50  6:14  Pylon, Probe x2  
  50  6:16  Pylon  
  52  6:23  Assimilator  
  52  6:25  Assimilator  
  52  6:28  Adept, Pylon  
  52  6:29  Adept  
  52  6:32  Probe x2  
  58  6:44  Probe  
  58  6:45  Probe  
  52  6:55  Adept x3  
  52  6:56  Adept x2  
  52  6:57  Probe  
  63  7:10  Adept  
  65  7:21  Adept x5  
  73  7:45  Pylon  
  73  7:46  Adept x5  
  73  7:47  Adept  
  71  8:10  Stalker x4  
  71  8:11  Stalker x2  
  80  8:37  Photon Cannon  
Tags
 
Composition
MMM Bio
League
Gold
Matchup
PvT
Replay Pack
All Mines
Spawn Locations
Cross Positions
Add a new tag
Caveats
  • Supply blocks, unpowered buildings, or Contaminate may cause inaccurate times.
  • Supply counts are checked every 10 seconds.